 Dungeon Crawl Stone Soup version 0.30.0-18-gc0e69614cb (webtiles) character file.

Game seed: 11422378495455016619

104 KittyFluff the Cudgeller (level 4, -9/43 HPs)
             Began as a Gargoyle Berserker on May 24, 2023.
             Was a Believer of Trog.
             Killed by divine providence
             ... invoked by an orc priest
              (10 damage)
             ... on level 3 of the Dungeon.
             The game lasted 00:10:34 (2646 turns).

KittyFluff the Cudgeller (Gargoyle Berserker)       Turns: 2646, Time: 00:10:34

Health: -9/43      AC:  7    Str: 21    XL:     4   Next: 80%
Magic:  4/4        EV: 12    Int:  7    God:    Trog [**....]
Gold:   54         SH:  0    Dex: 11    Spells: 3/3 levels left

rFire   . . .        a - +0 mace
rCold   . . .        (no shield)
rNeg    + + .        b - +0 animal skin
rPois   ∞            (no helmet)
rElec   +            (no cloak)
rCorr   .            o - +0 pair of gloves
SInv    .            (no boots)
Will    .....        (no amulet) Stlth
                     r - ring of positive energy
HPRegen 0.27/turn    (no ring)
MPRegen 0.09/turn

%: no passive effects
@: berserking, very quick
A: sickness immunity, AC +3, negative energy resistance 1, electricity
resistance, torment resistance 1, petrification resistance
a: Renounce Religion, Berserk, Trog's Hand


You were on level 3 of the Dungeon.
You worshipped Trog.
Trog was pleased with you.
You visited 1 branch of the dungeon, and saw 3 of its levels.

You collected 54 gold pieces.

Inventory:

Hand Weapons
 a - a +0 mace (weapon)
Missiles
 f - 13 stones (quivered)
Armour
 b - a +0 animal skin (worn)
 o - a +0 pair of gloves (worn)
 v - a +3 chain mail of poison resistance
Jewellery
 r - a ring of positive energy (left hand)
Wands
 p - a wand of iceblast (3)
Scrolls
 d - a scroll of enchant armour {unknown}
 h - a scroll of enchant weapon {unknown}
 k - 2 scrolls of immolation {unknown}
 n - a scroll of teleportation {unknown}
 q - a scroll of fear {unknown}
 s - a scroll of torment {unknown}
 t - 2 scrolls of identify {unknown}
 u - a scroll of blinking {unknown}
Potions
 c - 2 potions of lignification {unknown}
 e - 2 potions of haste {unknown}
 g - a potion of heal wounds {unknown}
 i - a potion of might {unknown}
 j - a potion of flight {unknown}
 l - a potion of curing {unknown}
 m - a potion of brilliance {unknown}


   Skills:
 + Level 4.0 Fighting
 + Level 4.1 Maces & Flails
 * Level 3.0 Armour
 + Level 2.1 Dodging
 + Level 0.2 Stealth


You had 3 spell levels left.
You didn't know any spells.
Your spell library was empty.

Dungeon Overview and Level Annotations

Branches:
Dungeon (3/15)

Altars:
Ru

Shops:
D:1 *


Innate Abilities, Weirdness & Mutations

You are immune to sickness and miasma.
Your stone body is resilient. (AC +3)
You are immune to poison.
You resist negative energy. (rN+)
You are resistant to electric shocks. (rElec)
You are resistant to unholy torment.
You are immune to petrification.


Message History

You start resting.
You recover from your berserk rage.
You start resting.
HP restored.
You start waiting.
Done waiting.
u - a scroll labelled GAFFENWI XUXTI
Found 12 gold pieces.
Things that are here:
a +0 club; a +3 chain mail of poison resistance; the goblin skeleton of Ijyb
v - a +3 chain mail of poison resistance 2 orc priests come into view.
Found an escape hatch in the floor.
You see here 6 gold pieces.
You now have 54 gold pieces (gained 6).
The orc priest shouts! x2; You hear a shout! x3
An orc comes into view. It is wielding a +0 mace.
An orc comes into view.
It is wielding a +0 trident and quivering poisoned darts.
The orc moves out of view.
Things that are here:
a +0 club; the goblin skeleton of Ijyb The orc priest looks braver for a moment.
The orc priest calls down the wrath of Beogh upon you.
Beogh smites you!
You hit the orc priest.
The orc priest is moderately wounded.
The orc priest invokes the aid of Beogh against you.
Beogh smites you!
You hit the orc priest.
The orc priest is moderately wounded.
The orc priest casts a cantrip, but nothing happens.
You hit the orc but do no damage.
The orc priest mumbles some strange prayers to Beogh against you.
Beogh smites you!
* * * LOW HITPOINT WARNING * * *
A red film seems to cover your vision as you go berserk!
You feel yourself moving faster!
You feel mighty! The orc barely misses you.
The orc priest invokes the aid of Beogh against you.
Beogh smites you!
You die...

.......# .......#
.......#
..[....####
..........###
<.....)##...###
###########...####
###....# ####@#
### #o## ##..
#oo####...# .
##o.....###.
....##..##......
..o..............
....###.#........
## #.).....$..
...)...######


You could see 2 orc priests and 2 orcs.

Vanquished Creatures
  Ijyb (D:3)
  3 adders (D:2)
  2 worms
  2 dart slugs
  2 endoplasms (D:2)
  A giant cockroach (D:1)
  5 goblins
  4 hobgoblins
  6 ball pythons
  6 bats
  3 frilled lizards (D:1)
  5 kobolds
  7 rats
47 creatures vanquished.

Notes
Turn   | Place    | Note
-------+----------+-------------------------------------------
     0 | D:1      | KittyFluff the Gargoyle Berserker began the quest for the
                  | Orb.
     0 | D:1      | Reached XP level 1. HP: 14/14 MP: 1/1
    91 | D:1      | Reached XP level 2. HP: 4/19 MP: 2/2
   206 | D:1      | Found a faded altar of an unknown god.
   437 | D:1      | You fall into a shaft and drop 1 floor!
   822 | D:2      | Reached XP level 3. HP: 21/24 MP: 3/3
  1088 | D:1      | Reached ** piety under Trog
  1234 | D:1      | Found Oxoal's General Store.
  2019 | D:2      | Reached XP level 4. HP: 28/29 MP: 4/4
  2354 | D:3      | Identified the +11 hand axe "Launk" {heavy, MP+9}
  2370 | D:3      | Found a sacrificial altar of Ru.
  2392 | D:3      | Noticed Ijyb
  2413 | D:3      | HP: 1/43 [Ijyb/+0 club (2)]
  2417 | D:3      | Killed Ijyb
  2645 | D:3      | HP: 1/29 [orc priest/divine providence (11)]
  2646 | D:3      | Killed from afar by an orc priest

Illustrated notes

Levels and vault maps discovered:
D:1:      dpeg_arrival_subterranean_lakeside_camping, layout_basic,
          serial_shops, nicolae_shop_rolling_square,
          shapermc_ecumenical_altar_rom_forum, minmay_curled_crystal
D:2:      minmay_diamond_boxcup, layout_basic
D:3:      layout_rooms, nicolae_ru_the_path_less_chosen,
          mainiacjoe_overflow_catwalk, nemelex_spade_bored_becter, uniq_ijyb,
          uniq_grinder

Skill      XL: |  1  2  3  4 |
---------------+-------------+-----
Dodging        | 2 |  2.1
Fighting       | 4 |  4.0
Maces & Flails | 4 |  4.1
Armour         | 3 |  3.0
Stealth        | |  0.2

Action                     |  1- 3 |  4- 6 || total
---------------------------+-------+-------++-------
  Melee: Mace              |   101 |    45 ||   146
         Punch             |       |     1 ||     1
 Invoke: Berserk           |     1 |     2 ||     3
   Stab: Sleeping          |       |     1 ||     1
 Armour: Animal skin       |    34 |     6 ||    40
  Dodge: Dodged            |    72 |    26 ||    98
